 Dungeon Crawl Stone Soup version 0.29-a0-111-gbaf749a769 (webtiles) character file.

Game seed: 16515248988241571703

79 drugrobin the Poker (level 3, -2/29 HPs)
             Began as a Demigod Warper on Feb 17, 2022.
             Killed from afar by Terence (9 damage)
             ... with a puff of flame
             ... on level 1 of the Dungeon.
             The game lasted 00:04:09 (1946 turns).

drugrobin the Poker (Demigod Warper)                Turns: 1946, Time: 00:04:09

Health: -2/29      AC:  5    Str: 16    XL:     3   Next: 95%
Magic:  7/8        EV: 11    Int: 15    God:
Gold:   82         SH:  3    Dex: 13    Spells: 1/5 levels left

rFire   . . .      SeeInvis .   a - +0 spear
rCold   . . .      Faith    .   i - +0 buckler
rNeg    . . .      Spirit   .   k - +3 robe of Clouds {*Thunder rCloud rElec}
rPois   .          Reflect  .   (no helmet)
rElec   +          Harm     .   (no cloak)
rCorr   .          Rampage  .   (no gloves)
Will    .....                   (no boots)
Stlth   +.........              (no amulet)
HPRegen 0.09/turn               (no ring)
MPRegen 0.11/turn               (no ring)

@: no status effects
A: high MP 1, forlorn, divine attributes
a: no special abilities


You were on level 1 of the Dungeon.
You visited 1 branch of the dungeon, and saw 2 of its levels.

You collected 82 gold pieces.

Inventory:

Hand Weapons
 a - a +0 spear (weapon)
Missiles
 d - 3 boomerangs of dispersal
 h - 92 stones (quivered)
 j - 4 poisoned darts
Armour
 b - a +0 leather armour
 i - a +0 buckler (worn)
 k - the +3 robe of Clouds (worn) {*Thunder rCloud rElec}
   (You found it on level 2 of the Dungeon)

   It occasionally creates storm clouds above nearby enemies.
   It grants its wearer immunity to clouds.
   rElec:     It insulates you from electricity.
Scrolls
 c - a scroll of blinking
 e - 3 scrolls of identify
 g - a scroll of vulnerability {unknown}
Potions
 f - 2 potions of might
 l - a potion of curing {unknown}


   Skills:
 - Level 1.7 Fighting
 + Level 4.1 Polearms
 - Level 0.8 Throwing
 - Level 0.8 Armour
 - Level 1.7 Dodging
 - Level 1.7 Spellcasting
 - Level 2.6 Translocations


You had one spell level left.
You knew the following spells:

 Your Spells              Type           Power      Damage    Failure   Level
a - Blink                 Tloc           18%        N/A       16%         2
b - Corpse Rot            Necr/Air       2%         N/A       43%         2

Your spell library contained the following spells:

 Spells                   Type           Power      Damage    Failure   Level
 Magic Dart               Conj           4%         1d3       30%         1
 Gell's Gravitas          Tloc           9%         N/A       30%         3
 Lesser Beckoning         Tloc           9%         N/A       30%         3
 Teleport Other           Tloc           9%         N/A       30%         3
 Call Imp                 Summ           1%         N/A       43%         2
 Mephitic Cloud           Conj/Pois/Air  1%         N/A       67%         3
 Manifold Assault         Tloc           9%         N/A       96%         5
 Dispel Undead            Necr           1%         3d6       97%         4
 Death Channel            Necr           0%         N/A       100%        6


Dungeon Overview and Level Annotations

Branches:
Dungeon (2/15)

Annotations:
D:1 Terence


Innate Abilities, Weirdness & Mutations

You have an increased reservoir of magic. (+10% MP)
You shall have no god before yourself.
Your divine heritage dramatically boosts your attributes as you level up.


Message History

The goblin shouts!
The goblin shoots a stone.
The stone hits you but does no damage.
The goblin shoots a stone.
The stone hits you.
The goblin shoots a stone.
The stone hits you.
The goblin shoots a stone.
The stone closely misses you.
The goblin shoots a stone.
The stone barely misses you.
Storm clouds gather above Terence.
The goblin unwields a +0 hunting sling.
The goblin wields a +0 club.
The goblin hits you with a +0 club.
There is a stone staircase leading up here.
Terence zaps a wand.
The puff of flame hits you! The goblin barely misses you.
You climb upwards.
There is a stone staircase leading down here.
Unknown command.
Unknown command.
Terence says, "You're history."
Terence screams, "I'm going to kill you!"
You aren't carrying any items that you can evoke.
Storm clouds gather above Terence.
Terence is struck by lightning.
You hit Terence but do no damage.
Terence is heavily wounded.
Terence barely misses you.
You completely miss Terence.
Terence is heavily wounded.
Terence hits you with a +0 flail!
* * * LOW HITPOINT WARNING * * *
Okay, then.
Unknown command.
Cast which spell? (? or * to list)
You blink.
Terence asks, "Do you want it fast or slow?"
Unknown command.
Terence says, "You're history."
Terence says, "You're history."
You feel stable enough to blink again.
Press: ? - help, v - describe, . - travel
Here: Terence, wielding a +0 flail, wearing a +0 scale mail and carrying a wand of flame (2) (moderately wounded)
The floor.
Unknown command.
Terence zaps a wand.
The puff of flame hits you!
You die...

.†# #........# #.#
##.##.##
..############ #.#
##.##.### ......#
#.# ##.####.'##
......# #.#
##.####.##.##
......# #.#
##.####.####.#
......#
#.###.####.####.##
......#
#.##.####.####.##
......#
#.###.##.####.##
####### #@#
##.##.##.## #.#
##.##.##.## #.#
##.##.##.## #.#
##.####.##.# #.#
##.####.##.## #.#
#.####.##.## #.#
##.##[####<# # #@#
##.##.##### # #.##
#.####.# #


You could see Terence.

Vanquished Creatures
  Natasha (D:2)
  2 adders
  3 dart slugs
  A ball python (D:2)
  3 endoplasms (D:1)
  3 giant cockroaches (D:1)
  3 goblins
  A hobgoblin (D:1)
  3 jackals (D:1)
  3 kobolds
  3 bats
  3 frilled lizards (D:1)
  2 rats
31 creatures vanquished.

Notes
Turn   | Place    | Note
-------+----------+-------------------------------------------
     0 | D:1      | drugrobin the Demigod Warper began the quest for the Orb.
     0 | D:1      | Reached XP level 1. HP: 17/17 MP: 5/5
    83 | D:1      | Reached skill level 2 in Polearms
   578 | D:1      | Reached XP level 2. HP: 22/24 MP: 7/7
   581 | D:1      | Learned a level 2 spell: Blink
   597 | D:1      | Learned a level 2 spell: Corpse Rot
   924 | D:1      | Reached skill level 3 in Polearms
  1202 | D:2      | Noticed Natasha
  1346 | D:2      | Killed Natasha
  1347 | D:2      | Reached XP level 3. HP: 27/29 MP: 8/8
  1379 | D:2      | Noticed Terence
  1467 | D:2      | Found the +3 robe of Clouds {*Thunder rCloud rElec}
  1603 | D:1      | Reached skill level 4 in Polearms
  1946 | D:1      | Killed from afar by Terence

Illustrated notes

Levels and vault maps discovered:
D:1:      nagdon_arrival_zigzag_paths, layout_basic
D:2:      minmay_spotlight, layout_rooms, shapermc_ecumenical_altar_pompeii,
          lemuel_old_faithful, uniq_natasha, uniq_terence,
          uniq_crazy_yiuf_cottage

Skill      XL: |  1  2  3 |
---------------+----------+-----
Polearms       | 2 3 4 |  4.1
Fighting       | |  1.7
Throwing       | |  0.8
Armour         | |  0.8
Dodging        | |  1.7
Spellcasting   | |  1.7
Translocations | |  2.6

Action                   || total
-------------------------++-------
Melee: Spear             ||   124
Throw: Boomerang         ||     2
       Stone             ||     1
 Cast: Blink             ||     1
  Use: Scroll            ||     1
Armor: Leather armour    ||    19
       Robe              ||     5
Dodge: Dodged            ||    55
Block: Buckler           ||     4

Table legend: (Time is in decaauts)
 A = Elapsed time spent in this place.
 B = Non-inter-level travel time spent in this place.
 C = Inter-level travel time spent in this place.
 D = Time resting spent in this place.
 E = Time spent auto-exploring this place.
 F = Levels seen in this place.
 G = Mean time per level.
                   A        B        C        D        E       F      G
               +--------+--------+--------+--------+--------+-----+--------+
         Total |   1946 |   1795 |    151 |    529 |    831 |   2 |  973.0 |
       Dungeon |   1946 |   1795 |    151 |    529 |    831 |   2 |  973.0 |
               +--------+--------+--------+--------+--------+-----+--------+

Top non-repeatable levels by time:
     D:1: 1593 daAuts
     D:2: 352 daAuts
